 Dungeon Crawl Stone Soup version 0.19.5 (webtiles) character file.

28 Santreim the Magician (level 2, -2/15 HPs)
             Began as a Deep Elf Wizard on Mar 6, 2017.
             Slain by a hobgoblin
             ... wielding a +0 club
              (4 damage)
             ... on level 1 of the Dungeon.
             The game lasted 00:10:27 (1107 turns).

Santreim the Magician (Deep Elf Wizard)             Turns: 1107, Time: 00:10:28

Health: -2/15      AC:  2    Str:  1 (4)  XL:     2   Next: 96%
Magic:  0/10       EV: 12    Int: 19 (22) God:
Gold:   56         SH:  0    Dex: 10 (13) Spells: 1 memorised, 10 levels left

rFire  . . .     SeeInvis .     (no weapon)
rCold  . . .     Gourm    .     a - +0 robe
rNeg   . . .     Faith    .     (no shield)
rPois  .         Spirit   .     b - +0 hat
rElec  .         Reflect  .     (no cloak)
rCorr  .         Harm     .     (no gloves)
MR     .....                    (no boots)
Stlth  ++........               (no amulet)
                                (no ring)
                                (no ring)

@: no status effects
A: no striking features
a: no special abilities


You were on level 1 of the Dungeon.
You were not hungry.

You visited 1 branch of the dungeon, and saw 1 of its levels.

You collected 56 gold pieces.

Inventory:

Missiles
 i - 22 sling bullets
Armour
 a - a +0 robe (worn)
 b - a +0 hat (worn)
Scrolls
 e - a scroll of identify
Books
 c - a book of Minor Magic

   Spells                             Type                      Level
   a - Magic Dart                     Conjuration                  1
   b - Blink                          Translocation                2
   c - Call Imp                       Summoning                    2
   d - Repel Missiles                 Charms/Air                   2
   e - Slow                           Hexes                        2
   f - Conjure Flame                  Conjuration/Fire             3
   g - Mephitic Cloud                 Conjuration/Poison/Air       3
Comestibles
 d - a bread ration
 f - a beef jerky


   Skills:
 + Level 2.8 Dodging
 + Level 2.5 Stealth
 + Level 5.4 Spellcasting
 + Level 1.4 Conjurations
   Level 1.1 Summonings
   Level 1.1 Translocations


You had 10 spell levels left.
You knew the following spells:

 Your Spells              Type           Power        Failure   Level  Hunger
a - Magic Dart            Conj           ##..         10%         1    None


Dungeon Overview and Level Annotations

Branches:
Dungeon (1/15)

Altars:


Message History

You feel weakened.
You feel dopey.
You feel clumsy. The hobgoblin barely misses you.
As you read the scroll labeled QAUCAY QICABAT, it crumbles to dust.
It is a scroll of identify.
You don't have any unidentified items.
The hobgoblin barely misses you.
You hit the hobgoblin but do no damage. The hobgoblin barely misses you.
You hit the hobgoblin but do no damage. The hobgoblin hits you with a club.
* * * LOW HITPOINT WARNING * * *
You hit the hobgoblin but do no damage. The hobgoblin closely misses you.
You hit the hobgoblin but do no damage. The hobgoblin hits you with a club.
* * * LOW HITPOINT WARNING * * *
Casting: Magic Dart
Confirm with . or Enter, or press ? or * to list all spells.
Aiming: Magic Dart
Press: ? - help, Shift-Dir - straight line, f/p - hobgoblin
Aim: a hobgoblin, wielding a club and wearing a ring mail The magic dart hits the hobgoblin.
You hit the hobgoblin but do no damage. The hobgoblin hits you with a club.
You die...

.# ##.#[(. .##.###.#
.# #..#... ..#..##.#
#.##...#...#...#.##.#
#.#..##.###.##...##.#
.....# #..)#.#...##.#
...##.##...##.##..#.#
...# #.......#s#....#
.##.##..#.#..##g##..#
.# #...##.#....#@#.)#
.###...........###..#
.....####.###....†..#
#+#### #.# #.###.#.#
...## #.###)###...#
....## #.........###
.....## ###.#.#####
......####....#
......'†......#


You could see a giant cockroach and a hobgoblin.

Vanquished Creatures
  A leopard gecko (D:1)
  A bat (D:1)
  A giant cockroach (D:1)
  3 goblins (D:1)
  6 hobgoblins (D:1)
  3 jackals (D:1)
  A frilled lizard (D:1)
  3 kobolds (D:1)
  5 rats (D:1)
24 creatures vanquished.

Notes
Turn   | Place    | Note
-------+----------+-------------------------------------------
     0 | D:1      | Santreim the Deep Elf Wizard began the quest for the Orb.
     0 | D:1      | Reached XP level 1. HP: 10/10 MP: 7/7
   326 | D:1      | Reached XP level 2. HP: 10/15 MP: 2/9
   584 | D:1      | Reached skill level 5 in Spellcasting
  1107 | D:1      | Slain by a hobgoblin

Skill      XL: |  1  2 |
---------------+-------+-----
Spellcasting   | 5 |  5.4
Dodging        | |  2.8
Stealth        | |  2.5
Conjurations   | |  1.4
Summonings     | |  1.1
Translocations | |  1.1

Action                   || total
-------------------------++-------
Melee: Unarmed           ||    13
 Cast: Magic Dart        ||    62
  Use: Scroll            ||     1
       Potion            ||     1
Armor: Robe              ||     8
Dodge: Dodged            ||    35
